 Dungeon Crawl Stone Soup version 0.30-a0-585-g93115170b9 (webtiles) character file.

Game seed: 15035599940595909518

2 hikkokomori the Digger (level 1, -1/10 HPs)
             Began as a Gargoyle Earth Elementalist on Jan 2, 2023.
             Slain by a kobold
             ... wielding a +2 short sword of protection
              (4 damage)
             ... on level 1 of the Dungeon.
             The game lasted 00:00:24 (20 turns).

hikkokomori the Digger (Gargoyle Earth Elementalist)  Turns: 20, Time: 00:00:24

Health: -1/10      AC:  4    Str: 11    XL:     1   Next: 30%
Magic:  0/3        EV: 11    Int: 15    God:
Gold:   0          SH:  0    Dex: 10    Spells: 3/4 levels left

rFire   . . .      SeeInvis .    (no weapon)
rCold   . . .      Faith    .    (no shield)
rNeg    + . .      Spirit   .    a - +0 robe
rPois   ∞          Reflect  .    (no helmet)
rElec   +          Harm     .    (no cloak)
rCorr   .          Rampage  .    (no gloves)
Will    .....                    (no boots)
Stlth   ++                       (no amulet)
HPRegen 0.21/turn                (no ring)
MPRegen 0.08/turn                (no ring)

@: no status effects
A: sickness immunity, AC +2, negative energy resistance 1, electricity
resistance, torment resistance 1, petrification resistance
a: no special abilities


You were on level 1 of the Dungeon.
You visited 1 branch of the dungeon, and saw 1 of its levels.

Inventory:

Armour
 a - a +0 robe (worn)
Potions
 b - a potion of magic


   Skills:
 - Level 1.5 Dodging
 + Level 2.2 Stealth
 - Level 2.0 Spellcasting
 + Level 0.8 Transmutations
 + Level 3.7 Earth Magic


You had 3 spell levels left.
You knew the following spells:

 Your Spells              Type           Power      Damage    Failure   Level
a - Sandblast             Erth           24%        2d8       4%          1

Your spell library contained the following spells:

 Spells                   Type           Power      Damage    Failure   Level
 Passwall                 Tmut/Erth      6%         N/A       13%         2
 Stone Arrow              Conj/Erth      14%        3d7       30%         3
 Petrify                  Tmut/Erth      8%         N/A       65%         4


Dungeon Overview and Level Annotations

Branches:
Dungeon (1/15)

Altars:


Innate Abilities, Weirdness & Mutations

You are immune to sickness and miasma.
Your stone body is resilient. (AC +2)
You are immune to poison.
You resist negative energy. (rN+)
You are resistant to electric shocks. (rElec)
You are resistant to unholy torment.
You are immune to petrification.


Message History

Welcome, hikkokomori the Gargoyle Earth Elementalist.
If you return without finding the Orb of Zot, so far below, it's all over!
Press ? for a list of commands and other information.
Found a dagger.
Found a staircase leading out of the dungeon.
An endoplasm comes into view.
An endoplasm is nearby!
An endoplasm is nearby!
You can't see any susceptible monsters within range! (Use Z to cast anyway.)
A kobold comes into view.
It is wielding a +2 short sword of protection.
The blast of sand hits the endoplasm!
You kill the endoplasm!
The kobold shouts!
You hear a shout!
A rat comes into view.
A kobold comes into view. It is wielding a +0 dagger.
A jackal comes into view.
The blast of sand hits the kobold.
You kill the kobold!
The jackal barks!
The blast of sand hits the kobold but does no damage.
The kobold hits you but does no damage.
You are out of magic!
You are out of magic!
A jackal comes into view.
You closely miss the kobold. The kobold closely misses you.
You closely miss the kobold.
The kobold hits you with a +2 short sword of protection.
You hit the kobold but do no damage.
The kobold hits you with a +2 short sword of protection.
Ouch! That really hurt!
* * * LOW HITPOINT WARNING * * *
You hit the kobold but do no damage.
The kobold hits you with a +2 short sword of protection.
You die...

......#..#
.........##
.......#.. .
.......### .h.
..h#...
.....#...#
#)..h# #..#K#
#....#@#
#...####.## #..
##..### #.
###.....# . #
#.#....#####
#.##.......#.##
#.............#
##............#
#.....~≈~...###


You could see 2 jackals and a kobold.

Vanquished Creatures
  An endoplasm (D:1)
  A kobold (D:1)
2 creatures vanquished.

Notes
Turn   | Place    | Note
-------+----------+-------------------------------------------
     0 | D:1      | hikkokomori the Gargoyle Earth Elementalist began the quest
                  | for the Orb.
     0 | D:1      | Reached XP level 1. HP: 10/10 MP: 3/3
    20 | D:1      | Slain by a kobold

Illustrated notes

Levels and vault maps discovered:
D:1:      enne_arrival_octagon_isle, layout_rooms,
          hellmonk_ecumenical_altar_inner_sanctum, minmay_pentomino_s2

Action                   || total
-------------------------++-------
Melee: Unarmed           ||     4
 Cast: Sandblast         ||     3
Armor: Robe              ||     1
Dodge: Dodged            ||     1

Table legend: (Time is in decaauts)
 A = Elapsed time spent in this place.
 B = Non-inter-level travel time spent in this place.
 C = Inter-level travel time spent in this place.
 D = Time resting spent in this place.
 E = Time spent auto-exploring this place.
 F = Levels seen in this place.
 G = Mean time per level.
                   A        B        C        D        E       F      G
               +--------+--------+--------+--------+--------+-----+--------+
         Total |     21 |     21 |      0 |      0 |      7 |   1 |   21.0 |
       Dungeon |     21 |     21 |      0 |      0 |      7 |   1 |   21.0 |
               +--------+--------+--------+--------+--------+-----+--------+

Top non-repeatable levels by time:
     D:1: 21 daAuts
